Map: World of Sleepers LE

Players

Mez - Winner!

  • Race: Terran Terran
  • League: Master
  • Spawn Location: 1:00

mAit

  • Race: Terran Terran
  • League: Master
  • Spawn Location: 7:00

VOD

Have the link to the VOD?

Description

Time

  • Played on: Aug. 23, 2019, 1:10 p.m.
  • Length: 13:00
Show
View Real Time Build Order
Export as new Build Order

Mez Terran - Winner!

Build Orders: Gas First Reaper Expand 

Get SALT Encoding   

  12  0:00  SCV  
  13  0:13  SCV  
  14  0:17  Supply Depot  
  14  0:25  SCV  
  14  0:27  Refinery  
  15  0:38  SCV  
  16  0:45  Barracks  
  16  0:51  SCV  
  17  1:03  SCV  
  18  1:15  SCV  
  19  1:32  Orbital Command, Reaper  
  20  1:43  Command Center  
  20  1:54  Factory  
  20  1:59  SCV  
  21  2:06  Barracks Reactor  
  21  2:09  Supply Depot  
  21  2:11  SCV  
  22  2:16  Refinery  
  22  2:24  SCV  
  23  2:37  SCV  
  23  2:42  Starport  
  24  2:47  Hellion x2  
  24  2:50  SCV  
  29  2:55  Barracks Tech Lab  
  29  2:56  Orbital Command  
  29  3:05  SCV  
  30  3:11  Hellion  
  30  3:12  Hellion  
  34  3:16  Marauder  
  36  3:20  Medivac  
  36  3:26  SCV  
  36  3:27  SCV  
  40  3:37  Marauder  
  40  3:38  Supply Depot  
  42  3:42  SCV x2  
  46  3:55  SCV x2  
  46  3:56  Starport Reactor  
  46  4:00  Viking  
  46  4:01  Stimpack  
  48  4:06  Supply Depot  
  48  4:07  SCV  
  49  4:10  Factory Reactor  
  49  4:15  Barracks  
  49  4:18  Barracks  
  49  4:19  SCV x2  
  47  4:31  SCV  
  46  4:48  Starport Reactor  
  46  4:50  Marine  
  47  4:53  Command Center  
  47  4:55  Refinery  
  47  4:56  Engineering Bay  
  47  4:57  Factory Tech Lab, Engineering Bay  
  43  5:13  Marine x2  
  46  5:16  Marine  
  46  5:17  SCV x2  
  46  5:21  Refinery  
  48  5:22  Terran Infantry Armor Level 1, Terran Infantry Weapons Level 1  
  48  5:23  Marine  
  48  5:24  Marine  
  50  5:29  Siege Tank  
  50  5:32  Marine x2  
  50  5:33  Marine  
  50  5:34  SCV  
  50  5:35  SCV  
  58  5:39  Supply Depot  
  58  5:43  Medivac x2  
  62  5:52  Combat Shield  
  62  5:53  Supply Depot  
  62  6:01  Marine x4, SCV x2  
  68  6:12  Supply Depot  
  68  6:13  SCV x2  
  70  6:24  Siege Tank  
  70  6:25  SCV  
  74  6:26  Marine x4, Marauder  
  74  6:27  SCV  
  74  6:28  Orbital Command  
  81  6:37  SCV, Supply Depot  
  81  6:39  SCV  
  83  6:42  Armory  
  83  6:49  SCV  
  83  6:50  Marine x2  
  83  6:51  Marine x2  
  83  6:52  Medivac x2  
  93  6:55  Marauder  
  93  6:57  Siege Tank  
  93  6:58  SCV x2  
  99  7:05  Supply Depot  
  99  7:07  Supply Depot  
  99  7:11  SCV x2  
  99  7:12  SCV  
  102  7:19  Barracks  
  102  7:20  Barracks  
  89  7:31  SCV x3  
  89  7:34  Marine x3  
  89  7:35  Marauder  
  89  7:36  Siege Tank  
  99  7:43  SCV x3  
  100  7:51  Marine  
  101  7:52  Marine, Medivac  
  101  7:53  Terran Infantry Weapons Level 2  
  101  7:55  SCV x2, Terran Infantry Armor Level 2  
  101  7:56  SCV  
  107  8:03  Marine x3  
  110  8:07  SCV  
  110  8:08  SCV  
  102  8:22  Marine x4, Marauder  
  96  8:39  Barracks Reactor x2  
  96  8:40  Marine x4  
  98  8:43  Marine  
  98  8:44  Command Center  
  98  8:46  Siege Tank  
  102  8:51  Factory  
  102  8:53  Supply Depot, Terran Vehicle Weapons Level 1  
  102  8:54  Barracks x2  
  102  8:55  Barracks  
  102  8:56  Supply Depot  
  102  8:57  Marine  
  103  9:07  Supply Depot  
  103  9:10  Refinery  
  103  9:11  SCV x2  
  103  9:12  Supply Depot, Refinery  
  103  9:14  SCV  
  106  9:23  SCV x2  
  108  9:25  Marine x6  
  108  9:26  Marine x2, SCV  
  108  9:27  Siege Tank  
  108  9:30  Medivac x2  
  124  9:35  SCV x2  
  126  9:42  Barracks Reactor x3  
  126  9:44  SCV  
  127  9:46  Supply Depot  
  127  9:47  SCV x2, Supply Depot  
  129  9:56  SCV  
  129  9:58  Marine  
  129  9:59  Marine x7  
  138  10:20  Command Center  
  135  10:39  Marine, Marauder  
  135  10:40  Marine x11, Siege Tank  
  148  11:01  Marauder  
  148  11:02  Marine  
  148  11:04  Marine x13  
  151  11:06  Factory Tech Lab, Medivac x2  
  167  11:13  Siege Tank  
  147  11:42  Marine x13  
  152  11:48  Marine  
  152  11:49  Marine  
  152  11:54  Planetary Fortress  
  152  12:00  Marine x7  
  153  12:13  Marine x5  
  153  12:16  Planetary Fortress  
  153  12:20  SCV x3  
  156  12:26  Marine  
  157  12:31  Sensor Tower  
  157  12:32  SCV x3  
  160  12:38  Sensor Tower  
  160  12:48  Sensor Tower  
Show
View Real Time Build Order
Export as new Build Order

mAit Terran 

Build Orders: Gas First Reaper Expand 

Get SALT Encoding   

  12  0:00  SCV  
  13  0:12  SCV  
  14  0:17  Supply Depot  
  14  0:24  SCV  
  15  0:30  Refinery  
  15  0:38  SCV  
  16  0:44  Barracks  
  16  0:50  SCV  
  17  1:02  SCV  
  18  1:15  SCV  
  19  1:31  Orbital Command, Reaper  
  20  1:46  Command Center  
  20  1:55  Supply Depot  
  20  1:58  SCV  
  21  2:10  SCV, Barracks Reactor  
  21  2:12  Refinery  
  22  2:20  Factory  
  22  2:22  SCV  
  22  2:42  SCV  
  23  2:46  Marine  
  23  2:47  Marine  
  25  2:54  SCV  
  26  3:05  Starport  
  26  3:06  SCV  
  26  3:10  Orbital Command  
  26  3:11  Barracks Tech Lab  
  27  3:15  Hellion x2  
  27  3:19  SCV  
  32  3:31  SCV  
  33  3:37  SCV  
  33  3:38  Hellion x2, Barracks Tech Lab  
  38  3:43  SCV  
  39  3:48  Raven  
  39  3:49  SCV  
  39  3:55  SCV  
  43  4:01  Hellion  
  45  4:05  SCV  
  46  4:12  Supply Depot  
  46  4:13  Supply Depot  
  46  4:23  Hellion  
  46  4:26  SCV  
  46  4:33  Marine, Supply Depot x2  
  46  4:34  Raven  
  46  4:35  Hellion  
  50  4:44  Hellion  
  46  4:46  SCV  
  46  4:51  Marine  
  48  4:54  Barracks x2  
  48  4:55  Combat Shield  
  48  4:56  Hellion  
  48  5:10  Hellion  
  48  5:12  SCV  
  51  5:14  SCV  
  51  5:17  Hellion, Raven  
  56  5:24  SCV  
  57  5:32  SCV  
  57  5:33  Marine  
  57  5:35  Command Center  
  59  5:39  Engineering Bay  
  59  5:42  Supply Depot  
  59  5:43  Barracks Reactor  
  59  5:44  SCV  
  59  5:48  Factory Reactor  
  60  5:52  SCV  
  60  5:53  Marine x2  
  60  5:56  SCV  
  64  5:58  Refinery  
  64  5:59  Refinery  
  64  6:00  Marine, Barracks  
  64  6:01  Raven  
  68  6:04  SCV  
  68  6:08  SCV  
  68  6:11  Marine  
  70  6:16  SCV  
  70  6:18  Marine x2  
  72  6:20  SCV  
  72  6:23  Supply Depot  
  74  6:28  Terran Infantry Weapons Level 1  
  74  6:29  Marine x3, Supply Depot  
  77  6:33  Supply Depot  
  77  6:36  Marine  
  77  6:38  Marine  
  77  6:39  Stimpack  
  79  6:40  SCV x2  
  81  6:49  Orbital Command  
  81  6:52  SCV x2  
  81  6:53  Supply Depot  
  83  6:56  Marine x4  
  83  6:59  Siege Tank  
  83  7:00  Barracks Reactor  
  90  7:04  SCV x2  
  90  7:05  Marine  
  93  7:14  Marine x2  
  95  7:16  SCV  
  95  7:17  SCV  
  95  7:19  Marine x2, Medivac  
  101  7:26  SCV  
  94  7:30  Marine  
  94  7:31  Marine, Siege Tank  
  94  7:34  Factory  
  94  7:36  Marine  
  92  7:45  SCV  
  92  7:46  Marine  
  92  7:47  Marine x2  
  92  7:50  SCV x2  
  98  7:53  Marine  
  98  7:54  Medivac x2  
  102  8:00  SCV  
  102  8:01  Marine  
  102  8:03  Siege Tank  
  107  8:06  Marine  
  107  8:07  Marine  
  104  8:25  Marine x7  
  90  8:27  SCV  
  79  8:36  Siege Tank, SCV  
  79  8:38  Medivac x2  
  79  8:39  SCV  
  79  8:41  SCV  
  89  8:42  Factory Tech Lab  
  89  8:43  Marine x4  
  89  8:45  Barracks  
  89  8:46  Terran Infantry Armor Level 1  
  89  8:48  Barracks  
  93  8:49  Command Center, SCV  
  93  8:51  Unknown  
  93  8:53  Marine  
  95  8:56  SCV  
  96  9:05  Marine x3  
  96  9:06  Marine x3, Siege Tank  
  96  9:07  SCV  
  96  9:08  Siege Tank, Medivac  
  111  9:11  Marine  
  112  9:23  Marine x2  
  105  9:27  SCV  
  105  9:28  Marine  
  105  9:29  Marine x2  
  109  9:31  Marine  
  109  9:32  Marine, Engineering Bay  
  109  9:33  Armory  
  109  9:38  Siege Tank, SCV  
  112  9:41  Marine x2, SCV  
  118  9:46  Marine  
  118  9:51  Marine x3  
  122  9:58  Marine x2  
  122  9:59  Marine  
  125  10:04  Marine  
  125  10:05  SCV  
  127  10:09  Marine x3  
  130  10:16  Marine x2  
  130  10:17  Marine, Barracks Reactor x2  
  130  10:18  Siege Tank  
  130  10:19  Siege Tank  
  139  10:22  Marine  
  139  10:29  Missile Turret  
  139  10:31  Missile Turret  
  139  10:32  Sensor Tower  
  139  10:33  Marine, Missile Turret  
  139  10:34  Marine x3  
  127  10:44  Marine  
  127  10:45  Marine x2  
  127  10:49  SCV  
  115  10:51  Marine, Siege Tank x2  
  115  10:55  Marine  
  118  11:04  Marine x5  
  118  11:09  Marine  
  124  11:13  Marine  
  124  11:22  Marine x5  
  124  11:23  Siege Tank  
  120  11:25  Refinery  
  120  11:27  Marine  
  120  11:31  Marine  
  111  11:40  Marine  
  111  11:43  Marine x4  
  111  11:45  Marine  
  117  11:48  Marine  
  116  11:55  Siege Tank  
  116  11:58  Marine  
  118  12:03  Marine  
  118  12:04  Marine  
  115  12:12  Orbital Command  
  115  12:14  Marine x4  
  116  12:15  Marine  
  116  12:16  Medivac x2  
  116  12:17  Factory Tech Lab  
  116  12:21  Marine  
  116  12:22  Marine  
  123  12:32  Marine, Supply Depot x2  
  123  12:33  Supply Depot  
  124  12:38  Marine  
  124  12:39  Marine x2  
Tags
 
Add a new tag
Caveats
  • Supply blocks, unpowered buildings, or Contaminate may cause inaccurate times.
  • Supply counts are checked every 10 seconds.